 Dungeon Crawl Stone Soup version 0.28-a0-8-g6e044cfa68 (webtiles) character file.

Game seed: 15687978902468173380

7 Spectrina the Sneak (level 2, 0/25 HPs)
             Began as a Djinni Delver on July 24, 2021.
             Slain by a kobold (1 damage)
             ... on level 4 of the Dungeon.
             The game lasted 00:00:50 (125 turns).

Spectrina the Sneak (Djinni Delver)                  Turns: 125, Time: 00:00:51

Health: 0/25       AC:  4    Str: 11    XL:     2   Next: 5%
Gold:   14         EV: 12    Int: 11    God:
                   SH:  0    Dex: 14

rFire   + + .      SeeInvis .     - Unarmed
rCold   x . .      Faith    .   (no shield)
rNeg    . . .      Spirit   .   a - +0 leather armour
rPois   ∞          Reflect  .   h - +0 helmet
rElec   .          Harm     .   (no cloak)
rCorr   .          Rampage  .   (no gloves)
Will    .....                   (boots unavailable)
Stlth   ++........              (no amulet)
HPRegen 0.08/turn               (no ring)
MPRegen 0.00/turn               (no ring)

@: flying
A: sickness immunity, fire resistance 2, cold vulnerability 1, float, innate
caster, hp casting, extra vitality 1
a: no special abilities


You were on level 4 of the Dungeon.
You visited 1 branch of the dungeon, and saw 2 of its levels.

You collected 14 gold pieces.

Inventory:

Missiles
 g - 18 bolts
Armour
 a - a +0 leather armour (worn)
 h - a +0 helmet (worn)
Wands
 f - a wand of digging (3)
Scrolls
 b - a scroll of fog
 c - a scroll of magic mapping
 d - a scroll of fear
Potions
 e - a potion of haste


   Skills:
 - Level 3.0 Fighting
 - Level 2.1 Dodging
 - Level 4.1 Stealth
 - Level 2.0 Unarmed Combat
 + Level 1.0 Spellcasting


You had 3 spell levels left.
You didn't know any spells.
Your spell library was empty.

Dungeon Overview and Level Annotations

Branches:
Dungeon (5/15)
 Temple: D:4-7

Altars:

Portals:
Sewer: D:4


Innate Abilities, Weirdness & Mutations

You are immune to sickness and miasma.
You are immune to poison.
Your flesh is very heat resistant. (rF++)
You are vulnerable to cold. (rC-)
You float through the air rather than walking.
You learn spells naturally, not from books.
Your magical power is your life essence.
You have superior vitality. (+4 HP)


Message History

The giant cockroach bites you.
You hit the giant cockroach.
You kill the giant cockroach!
The kobold shoots a bolt.
The bolt closely misses you.
You barely miss the giant cockroach. The giant cockroach misses you.
You barely miss the giant cockroach. The giant cockroach bites you.
You closely miss the giant cockroach. The giant cockroach closely misses you.
You hit the giant cockroach.
The giant cockroach is almost dead.
The giant cockroach barely misses you.
The giant cockroach bites you but does no damage.
You hit the giant cockroach.
The giant cockroach is almost dead.
The giant cockroach barely misses you.
You hit the giant cockroach.
You kill the giant cockroach!
The kobold shoots a bolt.
The bolt barely misses you.
Your Spellcasting skill increases to level 1!
You have reached level 2!
The kobold unwields a +0 hand crossbow.
The kobold wields a +0 whip.
The kobold hits you with a +0 whip.
* * * LOW HITPOINT WARNING * * *
You see here a giant cockroach corpse.
You closely miss the kobold. The kobold hits you with a +0 whip.
* * * LOW HITPOINT WARNING * * *
Okay, then.
You hit the kobold.
The kobold is moderately wounded.
You hear the slow rusting of a drain very nearby.
The kobold closely misses you.
You completely miss the kobold. The kobold closely misses you.
You hit the kobold but do no damage. The kobold misses you.
You closely miss the kobold. The kobold hits you with a +0 whip.
* * * LOW HITPOINT WARNING * * *
You hit the kobold but do no damage. The kobold hits you with a +0 whip.
* * * LOW HITPOINT WARNING * * *
You hit the kobold.
The kobold is moderately wounded.
The kobold hits you with a +0 whip.
You die...

#≈≈≈#.........#......#
#≈B≈#............#
#≈r≈#.........#..#
#≈∩r#..########..#####
#≈≈≈#..# #.......K.
#BB≈#### #..####...
#≈≈≈# ###..# # #K...#
#@#.## #.#... #.#####
#.# #.# ..# ###


You could see a kobold.

Vanquished Creatures
  A dart slug (D:4)
  2 giant cockroaches (D:4)
  A hobgoblin (D:4)
4 creatures vanquished.

Notes
Turn   | Place    | Note
-------+----------+-------------------------------------------
     0 | D:5      | Spectrina the Djinni Delver began the quest for the Orb.
     0 | D:5      | Reached XP level 1. HP: 20/20 MP: 0/0
    76 | D:4      | Found a glowing drain.
   118 | D:4      | Reached skill level 1 in Spellcasting
   118 | D:4      | Reached XP level 2. HP: 9/25 MP: 0/0
   124 | D:4      | HP: 1/25 [kobold (1)]
   125 | D:4      | Slain by a kobold

Illustrated notes

Levels and vault maps discovered:
D:4:      cheibrodos_thug_alley, layout_basic, minmay_temple_entry_wispy,
          portal_sewer_entry_f, uniq_sigmund
D:5:      layout_basic, serial_park_tiny_1, uniq_edmund

Skill      XL: |  1 |
---------------+----+-----
Spellcasting   | 1 |  1.0
Fighting       | |  3.0
Dodging        | |  2.1
Stealth        | |  4.1
Unarmed Combat | |  2.0

Action                   || total
-------------------------++-------
Melee: Unarmed           ||    40
 Stab: Sleeping          ||     1
Armor: Leather armour    ||    10
Dodge: Dodged            ||    27

Table legend: (Time is in decaauts)
 A = Elapsed time spent in this place.
 B = Non-inter-level travel time spent in this place.
 C = Inter-level travel time spent in this place.
 D = Time resting spent in this place.
 E = Time spent auto-exploring this place.
 F = Levels seen in this place.
 G = Mean time per level.
                   A        B        C        D        E       F      G
               +--------+--------+--------+--------+--------+-----+--------+
         Total |    123 |    123 |      0 |      0 |      0 |   2 |   61.5 |
       Dungeon |    123 |    123 |      0 |      0 |      0 |   2 |   61.5 |
               +--------+--------+--------+--------+--------+-----+--------+

Top non-repeatable levels by time:
     D:4: 104 daAuts
     D:5: 19 daAuts
